 Dungeon Crawl Stone Soup version 0.30-a0-777-ga9a30cbeda (webtiles) character file.

Game seed: 13883788440161953508

9 Flugslaktarn the Trooper (level 2, 27/27 HPs)
             Began as a Hill Orc Fighter on Feb 13, 2023.
             Was a Follower of Yredelemnul.
             Quit the game on level 1 of the Dungeon.
             The game lasted 00:00:13 (377 turns).

Flugslaktarn the Trooper (Hill Orc Fighter)          Turns: 377, Time: 00:00:14

Health: 27/27      AC:  6    Str: 18    XL:     2   Next: 16%
Magic:  2/2        EV:  9    Int:  8    God:    Yredelemnul [*.....]
Gold:   21         SH:  4    Dex: 10    Spells: 1/1 levels left

rFire   . . .      SeeInvis .    a - +0 war axe
rCold   . . .      Faith    .    c - +0 buckler
rNeg    . . .      Spirit   .    b - +0 scale mail
rPois   .          Reflect  .    (no helmet)
rElec   .          Harm     .    (no cloak)
rCorr   .          Rampage  .    (no gloves)
Will    .....                    (no boots) Stlth
                                 (no amulet)
HPRegen 0.24/turn                (no ring)
MPRegen 0.08/turn                (no ring)

@: no status effects
A: no striking features
a: Renounce Religion, Recall Undead Harvest


You were on level 1 of the Dungeon.
You worshipped Yredelemnul.
Yredelemnul was noncommittal.
You visited 1 branch of the dungeon, and saw 1 of its levels.

You collected 21 gold pieces.

Inventory:

Hand Weapons
 a - a +0 war axe (weapon)
Armour
 b - a +0 scale mail (worn)
 c - a +0 buckler (worn)
Scrolls
 e - a scroll of fog {unknown}
 f - a scroll of identify {unknown}
Potions
 d - a potion of might


   Skills:
 + Level 3.8 Fighting
 * Level 3.3 Axes
 + Level 3.4 Armour
 - Level 3.2 Shields


You had one spell level left.
You didn't know any spells.
Your spell library was empty.

Dungeon Overview and Level Annotations

Branches:
Dungeon (1/15)

Altars:
Yredelemnul


Message History

The kobold hits you but does no damage.
You are more poisoned.
You slash the kobold!
You kill the kobold!
You feel very sick.
No target in view!
No target in view!
No target in view!
No target in view!
You feel sick.
You feel sick.
You feel sick.
You feel sick.
You feel sick.
You feel sick.
You feel sick.
You feel sick.
You are no longer poisoned.
HP restored.
You see here a +1 dagger of venom.
You open the door.
A rat comes into view.
A rat is nearby!
There is an open door here.
You closely miss the rat. The rat bites you.
The rat bites you but does no damage.
You slash the rat!
You kill the rat!
No target in view!
No target in view!
No target in view!
No target in view!
No target in view!
You see here a rat corpse.
A quokka comes into view.
A quokka is nearby!
A quokka is nearby!
You block the quokka's attack.
The quokka bites you but does no damage.
You closely miss the quokka. The quokka bites you.
You miss the quokka. The quokka barely misses you.
The quokka bites you but does no damage.
You slash the quokka!
You kill the quokka!
You have reached level 2!
Found a flail.
A kobold comes into view. It is wielding a +0 dagger.
You see here 16 gold pieces.
A kobold is nearby!
The kobold throws a stone.
The stone hits you but does no damage.
You slash the kobold!
You kill the kobold!
No target in view!
No target in view!
No target in view!
No target in view!
No target in view!
You now have 21 gold pieces (gained 16).
You open the door.
Found a faded altar of an unknown god.
There is an open door here.
e - a scroll labelled UDWIMU REEMI
f - a scroll labelled TAPUNI RACANEC No target in view!
No target in view!
No target in view!
No target in view!
No target in view!
No target in view!
There is a faded altar of an unknown god here.
This altar belongs to (a) Yredelemnul, (b) Cheibriados or (c) Lugonu, but you can't tell which.
Press the corresponding letter to learn more about a god, or press enter to convert or escape to cancel.
Okay, then.
A rat and a frilled lizard come into view.
The frilled lizard hisses angrily.
There are monsters nearby!
There are monsters nearby!
The rat barely misses you.
You slash the rat!
You kill the rat!
You closely miss the frilled lizard.
The frilled lizard bites you but does no damage.
You closely miss the frilled lizard. The frilled lizard bites you.
The frilled lizard closely misses you.
You closely miss the frilled lizard. The frilled lizard barely misses you.
You closely miss the frilled lizard.
The frilled lizard bites you but does no damage.
You slash the frilled lizard!
You kill the frilled lizard!
No target in view!
No target in view!
No target in view!
No target in view!
No target in view!
No target in view!
There is a faded altar of an unknown god here.
This altar belongs to (a) Yredelemnul, (b) Cheibriados or (c) Lugonu, but you can't tell which.
Press the corresponding letter to learn more about a god, or press enter to convert or escape to cancel.
Yredelemnul accepts your prayer! Yredelemnul welcomes you!
You can now reap souls.
You can now recall your undead harvest.
Are you sure you want to abandon this character and quit the game? (Confirm with "yes".)

#.#.###.#####.+...#############.#
........)...#.#...#....#..†.....#
..#.####....#.###.#.##.#.########
................#.#.##.#.......#
......#...###.#.#.#.##.#..######
......+...'............#..#
.####.#...##......######..#
....#+#...##..............#
###.......##..ZZ@.....#.###
#.......##...#Z.#......# #
#.......##....Z.#......# #
#.#................#...#
.....##################...
.)..#.# #### ...##.. .#. ##.


You could see 2 friendly bat zombies, a friendly adder zombie and a friendly
jackal zombie.

Vanquished Creatures
  A ball python (D:1)
  A hobgoblin (D:1)
  2 kobolds (D:1)
  A quokka (D:1)
  2 frilled lizards (D:1)
  3 rats (D:1)
10 creatures vanquished.

Notes
Turn   | Place    | Note
-------+----------+-------------------------------------------
     0 | D:1      | Flugslaktarn the Hill Orc Fighter began the quest for the
                  | Orb.
     0 | D:1      | Reached XP level 1. HP: 19/19 MP: 1/1
   284 | D:1      | Reached XP level 2. HP: 27/27 MP: 2/2
   304 | D:1      | Found a faded altar of an unknown god.
   376 | D:1      | Prayed at the altar of an unknown god.
   376 | D:1      | Became a worshipper of Yredelemnul the Dark
   376 | D:1      | Reached * piety under Yredelemnul
   377 | D:1      | Quit the game

Illustrated notes

Levels and vault maps discovered:
D:1:      psy_arrival_wood_between_worlds, layout_basic, basic_ecumenical_altar

Skill      XL: |  1 |
---------------+----+-----
Axes           | 3 |  3.3
Fighting       | |  3.8
Armour         | |  3.4
Shields        | |  3.2

Action                     || total
---------------------------++-------
  Melee: War axe           ||    20
 Armour: Scale mail        ||    11
  Dodge: Dodged            ||     7
  Block: Buckler           ||     2

Table legend: (Time is in decaauts)
 A = Elapsed time spent in this place.
 B = Non-inter-level travel time spent in this place.
 C = Inter-level travel time spent in this place.
 D = Time resting spent in this place.
 E = Time spent auto-exploring this place.
 F = Levels seen in this place.
 G = Mean time per level.
                   A        B        C        D        E       F      G
               +--------+--------+--------+--------+--------+-----+--------+
         Total |    384 |    371 |     13 |      0 |    307 |   1 |  384.0 |
       Dungeon |    384 |    371 |     13 |      0 |    307 |   1 |  384.0 |
               +--------+--------+--------+--------+--------+-----+--------+

Top non-repeatable levels by time:
     D:1: 384 daAuts
